 Dungeon Crawl Stone Soup version 0.31-a0-479-g91c9547826 (webtiles) character file.

Game seed: 5827105724377827728

25 Ethylacetat the Chopper (level 3, -1/20 HPs)
             Began as a Vine Stalker Monk on Aug 7, 2023.
             Slain by a goblin
             ... wielding a +0 club
             ... led by Robin
              (4 damage)
             ... on level 2 of the Dungeon.
             The game lasted 00:00:44 (845 turns).

Ethylacetat the Chopper (Vine Stalker Monk)          Turns: 845, Time: 00:00:47

Health: -1/20      AC:  2    Str: 15    XL:     3   Next: 6%
Magic:  0/5        EV: 12    Int: 10    God:
Gold:   45         SH:  0    Dex: 16    Spells: 4/4 levels left

rFire   . . .        a - +0 hand axe
rCold   . . .        d - orb {light}
rNeg    + . .        b - +0 robe
rPois   .            (no helmet)
rElec   .            (no cloak)
rCorr   .            (no gloves)
SInv    .            (no boots)
Will    .....        (no amulet)
Stlth   +            j - ring of positive energy
HPRegen 0.23/turn    (no ring)
MPRegen 0.09/turn

%: guardian spirit
@: glowing
A: fangs 2, magic shield, antimagic bite, no potion heal 2
a: no special abilities


You were on level 2 of the Dungeon.
You visited 1 branch of the dungeon, and saw 2 of its levels.

You collected 45 gold pieces.

Inventory:

Hand Weapons
 a - a +0 hand axe (weapon)
Missiles
 g - 2 throwing nets
Armour
 b - a +0 robe (worn)
 d - an orb of light (worn)
Jewellery
 j - a ring of positive energy (left hand)
Scrolls
 e - 2 scrolls of identify {unknown}
 h - a scroll of butterflies {unknown}
 i - a scroll of acquirement {unknown}
Potions
 c - a potion of ambrosia
 f - 2 potions of curing {unknown}


   Skills:
 + Level 3.1 Fighting
 + Level 3.1 Axes
 - Level 2.4 Dodging
 + Level 1.2 Spellcasting


You had 4 spell levels left.
You didn't know any spells.
Your spell library was empty.

Dungeon Overview and Level Annotations

Branches:
Dungeon (2/15)

Altars:

Annotations:
D:2 Robin


Innate Abilities, Weirdness & Mutations

You have extremely sharp teeth.
When hurt, damage is shared between your health and your magic reserves.
Your bite disrupts and absorbs the magic of your enemies.
Potions cannot restore your health.


Message History

You hit the goblin.
You kill the goblin!
You have reached level 3!
Your experience leads to an increase in your attributes!
Increase (S)trength, (I)ntelligence, or (D)exterity?
You feel stronger. x2
Robin closely misses you.
There is an open door, spattered with blood here.
You see here a +0 dagger.
You hit Robin. You bite Robin. You drain their power.
Robin is moderately wounded.
Robin throws the goblin at you! The goblin hits you with a +0 club.
You hit Robin. You bite Robin, but do no damage.
Robin is heavily wounded.
You barely miss the goblin. Robin hits you but does no damage.
The goblin barely misses you.
You barely miss Robin. Your bite misses Robin.
Robin is heavily wounded.
You hit the goblin. Robin throws the goblin at you!
The goblin closely misses you. The goblin hits you with a +0 club.
Robin throws the goblin at you! The goblin closely misses you.
The goblin hits you with a +0 club. The goblin barely misses you.
You are too injured to fight recklessly!
You are too injured to fight recklessly!
You are too injured to fight recklessly!
You are too injured to fight recklessly!
You hit the goblin.
You kill the goblin!
You hit the goblin. x2; You hit Robin but do no damage.
The goblin barely misses you. Robin hits you with a +0 club.
* * * LOW HITPOINT WARNING * * *
The goblin hits you but does no damage.
Unknown command.
You hit the goblin.
You kill the goblin!
You hit the goblin but do no damage. You hit Robin.
Robin hits you with a +0 club.
* * * LOW HITPOINT WARNING * * *
The goblin hits you with a +0 club.
You die...

#..# #.# #..# #.# ######
#..# #.# #....# #..# #.#
#....# ##.# #.#
#....#######.. #.#
#............. #g#
#.............
#####+#@###.............
#.....g)).#........)....
#.........#...##########
#.........#...# #....
..###+#'###>..######.###
. #.# ###.....##.... #.#
#.....##..## #.#
#.....##....
#.#####.....##...#


You could see Robin and a goblin (strong).

Vanquished Creatures
  A dart slug (D:1)
  An orc (D:2)
  An endoplasm (D:1)
  8 goblins
  2 jackals (D:1)
  A quokka (D:1)
  3 ball pythons
  A bat (D:1)
  A frilled lizard (D:2)
  2 rats (D:1)
21 creatures vanquished.

Notes
Turn   | Place    | Note
-------+----------+-------------------------------------------
     0 | D:1      | Ethylacetat the Vine Stalker Monk began the quest for the
                  | Orb.
     0 | D:1      | Reached XP level 1. HP: 11/11 MP: 2/2
    36 | D:1      | Reached XP level 2. HP: 16/16 MP: 2/4
   154 | D:1      | Reached skill level 1 in Spellcasting
   213 | D:1      | Found a faded altar of an unknown god.
   838 | D:2      | Identified the +1 helmet "Ysyiw" {Str+3}
   838 | D:2      | Noticed Robin
   840 | D:2      | Reached XP level 3. HP: 20/20 MP: 5/5
   845 | D:2      | Slain by a goblin

Illustrated notes

Levels and vault maps discovered:
D:1:      giann_bridges, layout_basic, ebering_ecumenical_altar_petrified,
          kennysheep_decorative_pillar
D:2:      minmay_door_path, layout_basic, uniq_jessica, uniq_robin

Skill      XL: |  1  2 |
---------------+-------+-----
Spellcasting   | 1 |  1.2
Axes           | 3 |  3.1
Fighting       | 3 |  3.1
Dodging        | |  2.4

Action                     || total
---------------------------++-------
  Melee: Hand axe          ||    40
         Bite              ||    10
 Armour: Robe              ||     7
  Dodge: Dodged            ||    28

Table legend: (Time is in decaauts)
 A = Elapsed time spent in this place.
 B = Non-inter-level travel time spent in this place.
 C = Inter-level travel time spent in this place.
 D = Time resting spent in this place.
 E = Time spent auto-exploring this place.
 F = Levels seen in this place.
 G = Mean time per level.
                   A        B        C        D        E       F      G
               +--------+--------+--------+--------+--------+-----+--------+
         Total |    850 |    841 |      9 |      0 |    722 |   2 |  425.0 |
       Dungeon |    850 |    841 |      9 |      0 |    722 |   2 |  425.0 |
               +--------+--------+--------+--------+--------+-----+--------+

Top non-repeatable levels by time:
     D:1: 549 daAuts
     D:2: 300 daAuts
